 Dungeon Crawl Stone Soup version 0.18-a0-1426-g3b9a63c (webtiles) character file.

10801 Foomius the Black Sun (level 11, -1/81 HPs)
             Began as a Demonspawn Necromancer on Feb 27, 2016.
             Was a High Priest of Kikubaaqudgha.
             Slain by Snorg (6 damage)
             ... on level 12 of the Dungeon.
             The game lasted 01:29:28 (14669 turns).

Foomius the Black Sun (Demonspawn Necromancer)     Turns: 14669, Time: 01:29:28

Health: -1/81      AC: 15    Str: 15      XL:     11   Next: 40%
Magic:  2/21       EV: 11    Int: 21      God:    Kikubaaqudgha [*****.]
Gold:   263        SH: 11    Dex: 12 (13) Spells: 8 memorised, 4 levels left

rFire  . . .     SeeInvis +     H - +1 morningstar (curse)
rCold  . . .     Gourm    .     d - +3 ring mail {rN+}
rNeg   + + +     Faith    .     x - +0 buckler
rPois  .         Spirit   .     u - +1 helmet
rElec  .         Dismiss  .     O - +1 cloak {+Inv}
rCorr  .         Reflect  +     s - +0 pair of gloves
SustAt .         Harm     .     (no boots)
MR     +....                    n - +6 amulet of reflection
Stlth  +++.......               E - ring of protection from magic
                                k - ring "Ifippo" {rN+ Int+2 SInv}

@: mighty, somewhat resistant to hostile enchantments, fairly stealthy
A: talons 2, yellow scales 1, foul stench 1, negative energy resistance 1,
nightstalker 2, rot immunity
a: Receive Corpses, Torment, Renounce Religion, Evoke Invisibility


You were on level 12 of the Dungeon.
You worshipped Kikubaaqudgha.
Kikubaaqudgha was extremely pleased with you.
You were full.

You visited 3 branches of the dungeon, and saw 14 of its levels.
You also visited: Sewer and Bailey.

You collected 1060 gold pieces.
You spent 797 gold pieces at shops.

Inventory:

Hand Weapons
 a - a +0 flail of protection
 H - a cursed +1 morningstar (weapon)
Missiles
 b - 2 javelins
 Q - 9 tomahawks (quivered)
 T - 6 throwing nets
Armour
 d - a +3 ring mail of positive energy (worn)
 s - a +0 pair of gloves (worn)
 u - a +1 helmet (worn)
 x - a +0 buckler (worn)
 O - a +1 cloak of invisibility (worn)
 X - the +3 helmet of Gozag's Castigation {rC- rCorr Str+8 Slay+3}
   (You found it on level 8 of the Dungeon)

   It affects your strength (+8).
   It affects your accuracy and damage with ranged weapons and melee attacks
   (+3).
   It makes you vulnerable to cold.
   It protects you from acid and corrosion.
Jewellery
 f - an uncursed ring of wizardry
 g - a cursed ring of loudness
 k - the ring "Ifippo" (left hand) {rN+ Int+2 SInv}
   (You bought it in a shop on level 11 of the Dungeon)

   [ring of intelligence]

   It affects your intelligence (+2).
   It protects you from negative energy.
   It lets you see invisible.
 n - a +6 amulet of reflection (around neck)
 w - an uncursed amulet of the gourmand
 z - an uncursed amulet of magic regeneration
 B - the amulet of Gysib {Spirit rF+ Int+5}
   (You found it on level 12 of the Dungeon)

   [amulet of guardian spirit]

   It causes incoming damage to be split between your health and magic.
   It affects your intelligence (+5).
   It protects you from fire.
 E - a ring of protection from magic (right hand)
Wands
 v - a wand of teleportation (2/9)
 N - a wand of flame (7/48)
 Y - a wand of acid (8/15)
 Z - a wand of lightning (6/15)
Scrolls
 e - 2 scrolls of remove curse
 h - 2 scrolls of fog
 i - 2 scrolls of amnesia
 m - 2 scrolls of magic mapping {unknown}
 p - a scroll of enchant weapon
 A - 6 scrolls of teleportation
 F - 2 scrolls of vulnerability
 R - a scroll of blinking
 V - a scroll of fear
Potions
 j - a potion of cancellation
 l - 4 potions of brilliance
 q - a potion of lignification
 r - 2 potions of resistance
 t - 3 potions of haste
 C - 5 potions of curing
 G - 2 potions of might
 P - 2 potions of flight
Miscellaneous
 y - an ornate deck of defence
 L - a sack of spiders {used: 2}
Comestibles
 c - 6 bread rations
 o - 4 royal jellies


   Skills:
 - Level 6.0 Fighting
 + Level 9.5 Maces & Flails
 - Level 1.0 Armour
 - Level 1.7 Dodging
 - Level 1.7 Stealth
 - Level 4.0 Shields
 + Level 7.2 Spellcasting
 - Level 2.7 Charms
 - Level 10.3 Necromancy
 - Level 2.8 Translocations
 - Level 2.3 Evocations


You had 4 spell levels left.
You knew the following spells:

 Your Spells              Type           Power        Failure   Level  Hunger
a - Pain                  Necr           ####         1%          1    None
b - Animate Skeleton      Necr           N/A          1%          1    None
c - Control Undead        Necr           ######....   2%          4    ###....
d - Animate Dead          Necr           N/A          2%          4    ###....
g - Regeneration          Chrm/Necr      #####.....   4%          3    None
l - Blink                 Tloc           N/A          10%         2    None
s - Sublimation of Blood  Necr           ######....   1%          2    None
v - Vampiric Draining     Necr           ######....   1%          3    None


Dungeon Overview and Level Annotations

Branches:
Dungeon (12/15)            Temple (1/1) D:4            Lair (1/8) D:11
    Orc (0/2) D:10

Altars:
Ashenzari
Cheibriados
Dithmenos
Elyvilon
Fedhas
Gozag
Kikubaaqudgha
Makhleb
Nemelex Xobeh
Okawaru
Pakellas
Qazlal
Ru
Sif Muna
Trog
Vehumet
Xom
Yredelemnul
Zin
The Shining One

Shops:
D:6 (   D:11 [[**=   D:12 *

Annotations:
D:9 chei's ghost, journeyman NaFi
D:12 Snorg


Innate Abilities, Weirdness & Mutations

You have razor-sharp toenails.
You are partially covered in yellow scales (AC +2).
You may emit foul miasma when damaged in melee.
You resist negative energy.
You are significantly more attuned to the shadows.
You are immune to rotting.


Message History

You sock Snorg! You claw Snorg!
Snorg is heavily wounded.
Snorg is engulfed in dark miasma.
Snorg looks even sicker.
Snorg seems to slow down.
Snorg shakes off his lethargy.
Snorg goes berserk!
You thump Snorg!
Snorg is severely wounded.
Your ogre zombie barely misses Snorg.
Snorg is engulfed in dark miasma.
Snorg looks even sicker.
Snorg bites you but does no damage. You block Snorg's attack.
Snorg claws you but does no damage.
You puncture Snorg!
Snorg is almost dead.
Snorg is engulfed in dark miasma.
Snorg looks even sicker.
Snorg bites you! Snorg claws you!! Snorg claws you!
* * * LOW HITPOINT WARNING * * *
Snorg is engulfed in dark miasma.
Snorg seems to slow down.
Snorg closely misses you. Snorg claws you!
* * * LOW HITPOINT WARNING * * *
Snorg claws you.
You die...
Kikubaaqudgha rasps: "You have failed me!
Welcome... death!"

#.# #.# #.#
#.#
######.#
.....(.####
.####Z.....
##T..###
#@....#
##...##
##.## .# .#
###


You could see Snorg (berserk) and a friendly ogre zombie.

Vanquished Creatures
  Erolcha (D:10)
  An unseen horror (D:11)
  A hill giant (D:12)
  Joseph (D:8)
  3 trolls
  2 two-headed ogres
  Eustachio (D:5)
  A wyvern (D:7)
  A spriggan (D:11)
  3 yaks (D:10)
  A hippogriff (D:8)
  A steam dragon (D:9)
  Edmund (D:5)
  A black bear (shapeshifter) (D:10)
  8 orc warriors
  2 ice beasts
  A black bear (D:10)
  3 necrophages
  6 ogres
  2 sky beasts
  A centaur (D:6)
  2 big kobolds
  2 crocodiles
  8 giant frogs
  7 gnoll sergeants
  4 scorpions
  9 killer bees
  5 wights
  A howler monkey (D:7)
  2 crimson imps
  A quasit (D:12)
  A giant frog zombie (D:6)
  2 jellies
  8 hounds
  6 orc wizards
  4 gnoll shamans (Bailey)
  8 orc priests
  2 centaur skeletons
  7 iguanas
  4 worker ants
  A killer bee zombie (D:11)
  2 hound skeletons
  A howler monkey skeleton (D:5)
  3 river rats (Sewer)
  6 adders
  22 gnolls
  2 shadow imps (D:6)
  3 adder skeletons
  2 worms
  A dart slug (D:2)
  2 giant geckos
  41 orcs
  6 bats
  7 giant cockroaches
  9 goblins
  9 hobgoblins
  7 jackals
  5 quokkas
  4 giant newts
  10 kobolds
  A quokka skeleton (D:5)
  7 rats
  2 plants (D:11)
278 creatures vanquished.

Vanquished Creatures (collateral kills)
  A wraith (D:11)
  A hungry ghost (D:7)
  A human (D:11)
  A mottled dragon (D:10)
  A necrophage (D:7)
  A centaur (D:11)
  A giant frog (D:8)
  A gnoll sergeant (Bailey)
  4 wights
  2 howler monkeys (D:7)
  A crimson imp (D:6)
  A hound (D:7)
  2 jellies
  4 orc wizards
  2 orc priests
  2 gnoll shamans (Bailey)
  2 worker ants (D:10)
  6 gnolls (Bailey)
  An adder zombie (D:5)
  A giant gecko (D:3)
  7 orcs
  A hobgoblin (D:2)
  3 jackals
  A quokka (D:7)
  2 kobolds (Sewer)
  A quokka skeleton (D:5)
  A plant (D:11)
52 creatures vanquished.

Vanquished Creatures (others)
  2 gnoll sergeants (Bailey)
  An orc priest (D:11)
  4 orcs
7 creatures vanquished.

Grand Total: 337 creatures vanquished

Notes
Turn   | Place    | Note
--------------------------------------------------------------
     0 | D:1      | Foomius the Demonspawn Necromancer began the quest for the Orb.
     0 | D:1      | Reached XP level 1. HP: 13/13 MP: 3/3
   265 | D:1      | Reached skill level 1 in Fighting
   368 | D:1      | Gained mutation: You are immune to rotting. [demonic ancestry]
   368 | D:1      | Reached XP level 2. HP: 16/21 MP: 3/5
  1049 | D:2      | Learned a level 1 spell: Animate Skeleton
  1179 | D:2      | Found a faded altar to an unknown god.
  1329 | D:2      | Reached XP level 3. HP: 20/28 MP: 1/6
  1337 | D:2      | Learned a level 3 spell: Vampiric Draining
  1467 | D:2      | Found a bloodstained altar of Trog.
  1468 | D:2      | Found an ancient bone altar of Kikubaaqudgha.
  1474 | D:2      | Became a worshipper of Kikubaaqudgha
  1541 | D:2      | Found an oddly glowing altar of Pakellas.
  1904 | D:3      | Gained mutation: You have sharp toenails. [demonic ancestry]
  1904 | D:3      | Reached XP level 4. HP: 32/35 MP: 4/7
  2156 | D:3      | Reached skill level 5 in Necromancy
  2481 | D:4      | Learned a level 3 spell: Regeneration
  2616 | D:4      | Gained mutation: You may emit foul miasma when damaged in melee. [demonic ancestry]
  2616 | D:4      | Reached XP level 5. HP: 32/41 MP: 9/9
  2782 | D:4      | Reached skill level 1 in Shields
  2782 | D:4      | HP: 1/41 [gnoll/halberd (15)]
  3245 | D:4      | Reached skill level 1 in Charms
  3416 | D:4      | Found a shattered altar of Ashenzari.
  3416 | D:4      | Found a white marble altar of Elyvilon.
  3483 | D:4      | Found a staircase to the Ecumenical Temple.
  3487 | Temple   | Entered the Ecumenical Temple
  3849 | D:4      | Reached * piety under Kikubaaqudgha
  3849 | D:4      | Received a gift from Kikubaaqudgha
  3850 | D:4      | Identified Kikubaaqudgha's Volume of Black Arts (Kikubaaqudgha gifted it to you on level 4 of the Dungeon)
  3910 | D:5      | Entered Level 5 of the Dungeon
  3935 | D:5      | Gained mutation: You are slightly more attuned to the shadows. [demonic ancestry]
  3935 | D:5      | Reached XP level 6. HP: 33/48 MP: 3/10
  4049 | D:5      | Found a glowing silver altar of Zin.
  4131 | D:5      | Found a glowing golden altar of the Shining One.
  4138 | D:5      | Found a sacrificial altar of Ru.
  4379 | D:5      | Found a basalt altar of Yredelemnul.
  4436 | D:5      | Learned a level 2 spell: Sublimation of Blood
  4487 | D:5      | Found a sparkling altar of Nemelex Xobeh.
  4500 | D:5      | Noticed Edmund
  4510 | D:5      | Killed Edmund
  4530 | D:5      | Noticed Eustachio
  4548 | D:5      | Killed Eustachio
  4548 | D:5      | Reached skill level 6 in Necromancy
  4548 | D:5      | Gained mutation: You resist negative energy. [demonic ancestry]
  4548 | D:5      | Reached XP level 7. HP: 44/55 MP: 6/11
  4626 | D:5      | Reached skill level 5 in Fighting
  5874 | D:6      | Found a deep blue altar of Sif Muna.
  5879 | D:6      | Gained mutation: You are significantly more attuned to the shadows. [demonic ancestry]
  5879 | D:6      | Reached XP level 8. HP: 33/63 MP: 2/12
  6177 | D:6      | Reached skill level 7 in Necromancy
  6290 | D:5      | Reached skill level 1 in Maces & Flails
  6489 | D:6      | Found a glowing drain.
  6494 | Sewer    | Entered a sewer
  6667 | Sewer    | Found a white marble altar of Elyvilon.
  6864 | D:6      | Learned a level 4 spell: Control Undead
  6952 | D:6      | Reached skill level 1 in Armour
  7086 | D:6      | Reached ** piety under Kikubaaqudgha
  7131 | D:6      | Reached skill level 8 in Necromancy
  7208 | D:6      | Found Ifagav's Weapon Shoppe.
  7325 | D:7      | Reached XP level 9. HP: 35/69 MP: 1/15
  8027 | D:7      | Reached skill level 5 in Spellcasting
  8583 | D:7      | Learned a level 4 spell: Animate Dead
  8880 | D:8      | Reached skill level 5 in Maces & Flails
  8941 | D:8      | Found an opulent altar of Gozag.
  9117 | D:8      | Got a shimmering helmet
  9128 | D:8      | Identified the +3 helmet of Gozag's Castigation {rC- rCorr Str+8 Slay+3} (You found it on level 8 of the Dungeon)
  9339 | D:8      | Found a shadowy altar of Dithmenos.
  9370 | D:8      | Reached *** piety under Kikubaaqudgha
  9370 | D:8      | Received a gift from Kikubaaqudgha
  9375 | D:8      | Identified Kikubaaqudgha's Disquisition on Unholy Secrets (Kikubaaqudgha gifted it to you on level 8 of the Dungeon)
  9394 | D:8      | Noticed Joseph
  9468 | D:8      | Killed Joseph
  9657 | D:9      | Noticed chei's ghost (journeyman NaFi)
  9807 | D:9      | Found a shimmering altar of Xom.
  9814 | D:9      | Found a shimmering altar of Xom.
  9847 | D:9      | Gained mutation: You have razor-sharp toenails. [demonic ancestry]
  9847 | D:9      | Reached XP level 10. HP: 70/76 MP: 12/19
  9977 | D:9      | Found a flagged portal.
  9983 | Bailey   | Entered a bailey
 10150 | Bailey   | Reached skill level 1 in Evocations
 10981 | D:9      | Found a burning altar of Makhleb.
 11070 | D:9      | Noticed a hill giant
 11101 | D:10     | Entered Level 10 of the Dungeon
 11117 | D:10     | Noticed a black mamba
 11132 | D:10     | a black mamba changed into a black bear
 11137 | D:10     | Reached skill level 9 in Necromancy
 11259 | D:10     | Reached **** piety under Kikubaaqudgha
 11357 | D:10     | Noticed Erolcha
 11371 | D:10     | Killed Erolcha
 11621 | D:10     | Reached skill level 10 in Necromancy
 11905 | D:10     | Learned a level 2 spell: Blink
 12103 | D:10     | Found a staircase to the Orcish Mines.
 12257 | D:10     | Reached skill level 1 in Translocations
 12322 | D:10     | Gained mutation: You are partially covered in yellow scales (AC +2). [demonic ancestry]
 12322 | D:10     | Reached XP level 11. HP: 71/81 MP: 15/21
 12776 | D:11     | Found Ote Tuwn's Armour Boutique.
 12780 | D:11     | Reached ***** piety under Kikubaaqudgha
 12792 | D:11     | Bought a +1 cloak of invisibility for 231 gold pieces
 12969 | D:11     | Found Vukoupho's Antique Armour Boutique.
 13421 | D:11     | Found Iveaff's General Store.
 13427 | D:11     | Bought a scroll of blinking for 127 gold pieces
 13427 | D:11     | Bought a scroll of fog for 34 gold pieces
 13531 | D:11     | Found a staircase to the Lair.
 13564 | Lair:1   | Entered Level 1 of the Lair of Beasts
 13629 | D:11     | Found Quoffiw's General Store.
 13636 | D:11     | Bought a scroll of identify for 28 gold pieces
 13636 | D:11     | Bought a scroll of amnesia for 49 gold pieces
 13644 | D:11     | Noticed an unseen horror
 13654 | D:11     | Killed an unseen horror
 13679 | D:11     | Found Evaxzax's Jewellery Shop.
 13697 | D:11     | Bought a cursed ring of loudness for 54 gold pieces
 13697 | D:11     | Bought the ring "Ifippo" {rN+ Int+2 SInv} for 274 gold pieces
 14091 | D:12     | Noticed a hill giant
 14100 | D:12     | Killed a hill giant
 14214 | D:12     | Found Ytydan's Assorted Antiques.
 14657 | D:12     | Got a brightly glowing crystal amulet
 14659 | D:12     | Identified the amulet of Gysib {Spirit rF+ Int+5} (You found it on level 12 of the Dungeon)
 14665 | D:12     | Noticed Snorg
 14669 | D:12     | Slain by Snorg

Vault maps used:
D:1:      lemuel_arrival_river_passageway
D:2:      lemuel_doored_altar, gammafunk_temple_overflow_statue,
          ecumenical_altar_2
D:4:      grunt_temple_overflow_open, temple_statues, first_bread
D:5:      yredelemnul_altar_generic, kennysheep_mini_moat,
          gammafunk_temple_overflow_pools, lemuel_round_altar,
          minmay_misc_feat_chi, roderic_roman_lattice, uniq_eustachio,
          uniq_edmund
D:6:      overflow_temple_1_default, portal_sewer_entry_e, serial_shops,
          nicolae_shop_crystal
D:8:      grunt_dithmenos_smoke, marbit_many_paths, uniq_joseph
D:9:      makhleb_blood_cavern_becter, xom_shifter_show, enter_bailey_3
D:10:     david_orc_4, uniq_erolcha
D:11:     dpeg_oklobed_lair, serial_shops, shop, nicolae_shop_stone,
          shop_fountains, shop, shop_statue, hangedman_stone_soup
D:12:     serial_shops, nicolae_shop_trees, nicolae_gozag_zags_fifth_avenue,
          uniq_snorg
Temple:   nicolae_temple_hex_pool_5
Lair:1:   beast_lair_carwin_10, bh_autumn_forest_stairs, serial_bayou_shore_b,
          lemuel_fruit_fields, lemuel_fruit_fields, uniq_harold
Sewer:    sewer_kobolds
Bailey:   bailey_polearm_gnolls_kennysheep, bailey

Skill      XL: |  1  2  3  4  5  6  7  8  9 10 11 |
---------------+----------------------------------+-----
Fighting       | 1 2 3 4 5 6 |  6.0
Necromancy     | 5 6 8 10 | 10.3
Shields        | 1 2 3 4 |  4.0
Charms         | 2 |  2.7
Spellcasting   | 4 6 7 |  7.2
Maces & Flails | 2 6 8 9 |  9.5
Armour         | 1 |  1.0
Evocations     | 2 |  2.3
Translocations | 1 2 |  2.8
Dodging        | |  1.7
Stealth        | |  1.7

Action                   |  1- 3 |  4- 6 |  7- 9 | 10-12 || total
-------------------------+-------+-------+-------+-------++-------
Melee: Mace              |    41 |     4 |       |       ||    45
       Flail             |       |    67 |   302 |   215 ||   584
       Morningstar       |       |       |       |   104 ||   104
 Fire: Hand crossbow     |       |     6 |       |       ||     6
Throw: Stone             |     2 |     2 |    14 |       ||    18
       Tomahawk          |       |       |       |    17 ||    17
       Throwing net      |       |       |       |     7 ||     7
 Cast: Pain              |    42 |    52 |   112 |   186 ||   392
       Animate Skeleton  |     8 |    12 |    34 |    16 ||    70
       Vampiric Draining |       |     7 |    33 |    37 ||    77
       Regeneration      |       |       |    12 |    18 ||    30
       Control Undead    |       |       |    11 |     4 ||    15
       Sublimation of Bl |       |       |     7 |    10 ||    17
       Animate Dead      |       |       |     6 |    30 ||    36
Evoke: Wand              |       |       |     9 |    24 ||    33
       Sack of spiders   |       |       |       |     2 ||     2
  Use: Scroll            |       |    11 |    14 |     5 ||    30
       Potion            |       |     2 |     4 |     5 ||    11
 Stab: Sleeping          |     3 |       |     6 |     3 ||    12
       Distracted        |       |       |     3 |     2 ||     5
       Held in net/web   |       |       |       |     1 ||     1
  Eat: Chunk             |    11 |    15 |    21 |    23 ||    70
